| TOP OF THE 1ST |
|
Pulaski Yankees batting - Pitching for Detroit (APP) Tigers : LHP Jim Belcher
|
|
Pitching: LHP Jim Belcher
|
|
|
Batting: LHB Joel Vera
|
0-0: Ball 1-0: Ball 2-0: Ball 3-0: Called Strike 3-1: Called Strike 3-2: Ground out 6-3 (Groundball, 56, EV 101.9 MPH)
|
|
Batting: LHB Dan Morris
|
0-0: Called Strike 0-1: Ball 1-1: Ground out 6-3 (Groundball, 6S, EV 83.1 MPH)
|
|
Batting: RHB Bobby Melillo
|
0-0: Ball 1-0: Called Strike 1-1: Ball 2-1: Foul Ball, location: 2F 2-2: SINGLE (Flyball, 8RS, EV 92.5 MPH)
|
|
Batting: RHB Mike Gifford
|
0-0: Ball 1-0: Called Strike 1-1: Ball 2-1: Called Strike 2-2: Ball 3-2: Base on Balls Bobby Melillo to second
|
|
Batting: RHB Colby Macon
|
0-0: Ball 1-0: Ball 2-0: Called Strike 2-1: Ball 3-1: Swinging Strike 3-2: Fly out, F9 (Flyball, 9D, EV 102.5 MPH)
|
| Top of the 1st over - 0 runs, 1 hit, 0 errors, 2 left on base; Pulaski 0 - Detroit (APP) 0 |
| BOTTOM OF THE 1ST |
|
Detroit (APP) Tigers batting - Pitching for Pulaski Yankees : RHP Eric Aguilar
|
|
Pitching: RHP Eric Aguilar
|
|
|
Batting: RHB Jon Goldstein
|
0-0: Ball 1-0: Ball 2-0: Called Strike 2-1: Ball 3-1: Base on Balls
|
|
Batting: RHB Jose Evangelista
|
0-0: Swinging Strike 0-1: Foul Ball, location: 2F 0-2: Ball 1-2: Foul Ball, location: 2F 1-2: Foul Ball, location: 2F 1-2: Ball 2-2: Fielders Choice at 2nd, 3-6 (Groundball, 3, EV 80.0 MPH)
|
|
Batting: RHB Keith Hoffman
|
0-0: Called Strike 0-1: Foul Ball, location: 2F 0-2: Grounds into double play, 6-4-3 (Groundball, 6, EV 86.9 MPH)
|
| Bottom of the 1st over - 0 runs, 0 hits, 0 errors, 0 left on base; Pulaski 0 - Detroit (APP) 0 |
| TOP OF THE 2ND |
|
Pulaski Yankees batting - Pitching for Detroit (APP) Tigers : LHP Jim Belcher
|
|
Batting: RHB Johannes Gutermuth
|
0-0: Ball 1-0: Ground out 5-3 (Groundball, 56D, EV 84.4 MPH)
|
|
Batting: RHB Alex Colon
|
0-0: Ball 1-0: Called Strike 1-1: Called Strike 1-2: Foul Ball, location: 2F 1-2: Strikes out swinging
|
|
Batting: RHB Roberto Tena
|
0-0: Ball 1-0: Ground out 6-3 (Groundball, 6M, EV 83.1 MPH)
|
| Top of the 2nd over - 0 runs, 0 hits, 0 errors, 0 left on base; Pulaski 0 - Detroit (APP) 0 |
| BOTTOM OF THE 2ND |
|
Detroit (APP) Tigers batting - Pitching for Pulaski Yankees : RHP Eric Aguilar
|
|
Batting: LHB Bill Ford
|
0-0: Foul Ball, location: 2F 0-1: Foul Ball, location: 2F 0-2: Ball 1-2: Foul Ball, location: 2F 1-2: Ground out 5-3 (Groundball, 56, EV 104.4 MPH)
|
|
Batting: RHB Mike Sebastian
|
0-0: Ball 1-0: Called Strike 1-1: Ball 2-1: Called Strike 2-2: Foul Ball, location: 2F 2-2: Foul Ball, location: 2F 2-2: Strikes out swinging
|
|
Batting: SHB Sean Foley
|
0-0: Called Strike 0-1: Ball 1-1: SINGLE (Groundball, 34D, EV 103.1 MPH)
|
|
Batting: RHB Willie Ochoa
|
0-0: Called Strike 0-1: Called Strike 0-2: SINGLE (Groundball, 34D, EV 108.1 MPH) Sean Foley to second Runner from 2nd tries for 3rd, OUT! 9-5
|
| Bottom of the 2nd over - 0 runs, 2 hits, 0 errors, 1 left on base; Pulaski 0 - Detroit (APP) 0 |
| TOP OF THE 3RD |
|
Pulaski Yankees batting - Pitching for Detroit (APP) Tigers : LHP Jim Belcher
|
|
Batting: SHB Joe Fure
|
0-0: Foul Ball, location: 2F 0-1: Ball 1-1: Ball 2-1: Swinging Strike 2-2: Strikes out swinging
|
|
Batting: LHB Joel Vera
|
0-0: Ball 1-0: Ball 2-0: Fly out, F6 (Flyball, 56D, EV 81.2 MPH)
|
|
Batting: LHB Dan Morris
|
0-0: Ball 1-0: Called Strike 1-1: Foul Ball, location: 7LSF, Error on foul ball, E7 1-2: Ball 2-2: Ball 3-2: Base on Balls
|
|
Batting: RHB Bobby Melillo
|
0-0: Foul Ball, location: 2F 0-1: Ball 1-1: Foul Ball, location: 2F 1-2: Ball 2-2: Foul Ball, location: 2F 2-2: Fly out, F8 (Flyball, 8RM, EV 80.6 MPH)
|
| Top of the 3rd over - 0 runs, 0 hits, 1 error, 1 left on base; Pulaski 0 - Detroit (APP) 0 |
| BOTTOM OF THE 3RD |
|
Detroit (APP) Tigers batting - Pitching for Pulaski Yankees : RHP Eric Aguilar
|
|
Batting: RHB Jamie Villagrana
|
0-0: Fly out, F3 (Popup, 3, EV 65.0 MPH)
|
|
Batting: RHB Cory Wilkins
|
0-0: Called Strike 0-1: Ball 1-1: Ball 2-1: Ball 3-1: Foul Ball, location: 2F 3-2: Ground out U3 (Groundball, 34, EV 88.8 MPH)
|
|
Batting: RHB Jon Goldstein
|
0-0: Ground out U3 (Groundball, 34S, EV 90.0 MPH)
|
| Bottom of the 3rd over - 0 runs, 0 hits, 0 errors, 0 left on base; Pulaski 0 - Detroit (APP) 0 |
| TOP OF THE 4TH |
|
Pulaski Yankees batting - Pitching for Detroit (APP) Tigers : LHP Jim Belcher
|
|
Batting: RHB Mike Gifford
|
0-0: Foul Ball, location: 2F 0-1: Called Strike 0-2: Ball 1-2: Strikes out swinging
|
|
Batting: RHB Colby Macon
|
0-0: Ball 1-0: Called Strike 1-1: Swinging Strike 1-2: Foul Ball, location: 2F 1-2: Foul Ball, location: 2F 1-2: Foul Ball, location: 2F 1-2: Ball 2-2: Ball 3-2: Base on Balls
|
|
Batting: RHB Johannes Gutermuth
|
0-0: Swinging Strike 0-1: Ball 1-1: Fly out, F8 (Flyball, 8RD, EV 100.6 MPH)
|
|
Batting: RHB Alex Colon
|
0-0: Ball 1-0: Ball 2-0: Ground out 5-3 (Groundball, 56S, EV 70.0 MPH)
|
| Top of the 4th over - 0 runs, 0 hits, 0 errors, 1 left on base; Pulaski 0 - Detroit (APP) 0 |
| BOTTOM OF THE 4TH |
|
Detroit (APP) Tigers batting - Pitching for Pulaski Yankees : RHP Eric Aguilar
|
|
Batting: RHB Jose Evangelista
|
0-0: Swinging Strike 0-1: Ball 1-1: Foul Ball, location: 2F 1-2: Strikes out looking
|
|
Batting: RHB Keith Hoffman
|
0-0: Ball 1-0: Called Strike 1-1: Ball 2-1: Foul Ball, location: 2F 2-2: Fly out, F9 (Flyball, 89S, EV 86.9 MPH)
|
|
Batting: LHB Bill Ford
|
0-0: Ball 1-0: Ball 2-0: Foul Ball, location: 2F 2-1: Ball 3-1: Fly out, F8 (Flyball, 8RD, EV 83.1 MPH)
|
| Bottom of the 4th over - 0 runs, 0 hits, 0 errors, 0 left on base; Pulaski 0 - Detroit (APP) 0 |
| TOP OF THE 5TH |
|
Pulaski Yankees batting - Pitching for Detroit (APP) Tigers : LHP Jim Belcher
|
|
Batting: RHB Roberto Tena
|
0-0: Ball 1-0: Called Strike 1-1: Fly out, F4 (Popup, 34, EV 78.1 MPH)
|
|
Pitching: RHP Scott King
|
|
|
Batting: SHB Joe Fure
|
0-0: Foul Ball, location: 2F 0-1: Ball 1-1: Foul Ball, location: 2F 1-2: SINGLE (Groundball, 34D, EV 95.6 MPH)
|
|
Batting: LHB Joel Vera
|
0-0: Ball 1-0: Called Strike 1-1: Called Strike 1-2: Ball Joe Fure steals 2nd base 2-2: Ball 3-2: 2-RUN HOME RUN (Flyball, 89XD, EV 103.8 MPH), Distance : 405 ft
|
|
Batting: LHB Dan Morris
|
0-0: Ball 1-0: DOUBLE (Line Drive, 8RXD, EV 104.4 MPH)
|
|
Batting: RHB Bobby Melillo
|
0-0: Ball Dan Morris steals 3rd base 1-0: Foul Ball, location: 2F 1-1: Foul Ball, location: 2F 1-2: Foul Ball, location: 2F 1-2: Ground out 6-3 (Groundball, 6, EV 110.0 MPH) Dan Morris scores
|
|
Batting: RHB Mike Gifford
|
0-0: Ball 1-0: Foul Ball, location: 2F 1-1: Swinging Strike 1-2: Ball 2-2: Foul Ball, location: 2F 2-2: Ball 3-2: Ground out 4-3 (Groundball, 4, EV 88.1 MPH)
|
| Top of the 5th over - 3 runs, 3 hits, 0 errors, 0 left on base; Pulaski 3 - Detroit (APP) 0 |
| BOTTOM OF THE 5TH |
|
Detroit (APP) Tigers batting - Pitching for Pulaski Yankees : RHP Eric Aguilar
|
|
Batting: RHB Mike Sebastian
|
0-0: Swinging Strike 0-1: Ball 1-1: Fly out, F8 (Flyball, 8RM, EV 89.4 MPH)
|
|
Batting: SHB Sean Foley
|
0-0: Called Strike 0-1: Ball 1-1: Ball 2-1: Called Strike 2-2: Ground out U3 (Groundball, 3L, EV 80.6 MPH)
|
|
Batting: RHB Willie Ochoa
|
0-0: Swinging Strike 0-1: Ball 1-1: Ball 2-1: Ball 3-1: Base on Balls
|
|
Batting: RHB Jamie Villagrana
|
0-0: Ball 1-0: Ball 2-0: Swinging Strike 2-1: Foul Ball, location: 2F 2-2: Foul Ball, location: 2F 2-2: Fly out, F4 (Popup, 34D, EV 57.5 MPH)
|
| Bottom of the 5th over - 0 runs, 0 hits, 0 errors, 1 left on base; Pulaski 3 - Detroit (APP) 0 |
| TOP OF THE 6TH |
|
Pulaski Yankees batting - Pitching for Detroit (APP) Tigers : RHP Scott King
|
|
Pitching: RHP Luis Brown
|
|
|
Batting: RHB Colby Macon
|
0-0: Ball 1-0: Called Strike 1-1: Foul Ball, location: 2F 1-2: Foul Ball, location: 2F 1-2: Ground out 4-3 (Groundball, 4, EV 93.8 MPH)
|
|
Batting: RHB Johannes Gutermuth
|
0-0: Foul Ball, location: 2F 0-1: Fly out, F7 (Flyball, 7, EV 93.1 MPH)
|
|
Batting: RHB Alex Colon
|
0-0: Ball 1-0: Swinging Strike 1-1: Ball 2-1: Swinging Strike 2-2: Strikes out swinging
|
| Top of the 6th over - 0 runs, 0 hits, 0 errors, 0 left on base; Pulaski 3 - Detroit (APP) 0 |
| BOTTOM OF THE 6TH |
|
Detroit (APP) Tigers batting - Pitching for Pulaski Yankees : RHP Eric Aguilar
|
|
Batting: RHB Cory Wilkins
|
0-0: Called Strike 0-1: Ball 1-1: Fly out, F9 (Flyball, 9LS, EV 76.9 MPH)
|
|
Pitching: LHP Brian Hampton
|
|
|
Batting: RHB Jon Goldstein
|
0-0: Swinging Strike 0-1: Ground out 5-3 (Groundball, 5S, EV 72.5 MPH)
|
|
Batting: RHB Jose Evangelista
|
0-0: Swinging Strike 0-1: Ball 1-1: Foul Ball, location: 2F 1-2: Ball 2-2: SINGLE (Groundball, 56D, EV 85.0 MPH) (infield hit)
|
|
Batting: RHB Keith Hoffman
|
0-0: Ball 1-0: Ball 2-0: Ball 3-0: Called Strike 3-1: Base on Balls Jose Evangelista to second
|
|
Batting: LHB Bill Ford
|
0-0: Ball 1-0: Ball 2-0: Ball 3-0: Called Strike 3-1: Base on Balls Jose Evangelista to third Keith Hoffman to second
|
|
Batting: RHB Mike Sebastian
|
0-0: Ball 1-0: Foul Ball, location: 2F 1-1: Ball 2-1: Ground out 6-3 (Groundball, 56, EV 99.4 MPH)
|
| Bottom of the 6th over - 0 runs, 1 hit, 0 errors, 3 left on base; Pulaski 3 - Detroit (APP) 0 |
| TOP OF THE 7TH |
|
Pulaski Yankees batting - Pitching for Detroit (APP) Tigers : RHP Luis Brown
|
|
Batting: RHB Roberto Tena
|
0-0: Ball 1-0: Swinging Strike 1-1: Ball 2-1: Ball 3-1: Called Strike 3-2: Fly out, F9 (Flyball, 9S, EV 81.9 MPH)
|
|
Batting: SHB Joe Fure
|
0-0: Ball 1-0: Ball 2-0: Ball 3-0: Called Strike 3-1: Called Strike 3-2: Foul Ball, location: 2F 3-2: Ground out 6-3 (Groundball, 6MS, EV 85.6 MPH)
|
|
Batting: LHB Joel Vera
|
0-0: Foul Ball, location: 2F 0-1: DOUBLE (Line Drive, 78M, EV 104.4 MPH)
|
|
Batting: LHB Dan Morris
|
0-0: Fly out, F6 (Popup, 6, EV 63.8 MPH)
|
| Top of the 7th over - 0 runs, 1 hit, 0 errors, 1 left on base; Pulaski 3 - Detroit (APP) 0 |
| BOTTOM OF THE 7TH |
|
Detroit (APP) Tigers batting - Pitching for Pulaski Yankees : LHP Brian Hampton
|
|
Pitching: RHP Jake Visconti
|
|
|
Batting: SHB Sean Foley
|
0-0: Foul Ball, location: 2F 0-1: Ball 1-1: Fly out, F4 (Popup, 4, EV 59.4 MPH)
|
|
Batting: RHB Willie Ochoa
|
0-0: Called Strike 0-1: Ball 1-1: Foul Ball, location: 2F 1-2: Ground out U3 (Groundball, 3L, EV 90.0 MPH)
|
|
Batting: RHB Jamie Villagrana
|
0-0: Called Strike 0-1: Ball 1-1: Swinging Strike 1-2: Reached on error, E5 (Groundball, 56S, EV 60.0 MPH)
|
|
Batting: RHB Cory Wilkins
|
0-0: Called Strike 0-1: Called Strike 0-2: Ball 1-2: Foul Ball, location: 2F 1-2: Strikes out swinging
|
| Bottom of the 7th over - 0 runs, 0 hits, 1 error, 1 left on base; Pulaski 3 - Detroit (APP) 0 |
| TOP OF THE 8TH |
|
Pulaski Yankees batting - Pitching for Detroit (APP) Tigers : RHP Luis Brown
|
|
Pitching: LHP Josh Sinclair
|
|
|
Batting: RHB Bobby Melillo
|
0-0: Foul Ball, location: 2F 0-1: Ball 1-1: Ball 2-1: Ball 3-1: Base on Balls
|
|
Batting: RHB Mike Gifford
|
0-0: Ball Bobby Melillo steals 2nd base 1-0: Ball 2-0: Ball 3-0: Base on Balls
|
|
Batting: RHB Colby Macon
|
0-0: Ball 1-0: Ball 2-0: DOUBLE (Flyball, 8LXD, EV 113.8 MPH) Bobby Melillo scores Mike Gifford to third
|
|
Batting: RHB Johannes Gutermuth
|
0-0: Ball 1-0: Swinging Strike 1-1: Ball 2-1: Swinging Strike 2-2: Foul Ball, location: 2F 2-2: Foul Ball, location: 2F 2-2: Ball 3-2: Strikes out swinging
|
|
Batting: RHB Alex Colon
|
0-0: Ball 1-0: Called Strike 1-1: Called Strike 1-2: Ball 2-2: Ball 3-2: Foul Ball, location: 2F 3-2: Fly out, F7 (Line Drive, 7, EV 98.8 MPH)
|
|
Batting: RHB Roberto Tena
|
0-0: Called Strike 0-1: Ball 1-1: Ball 2-1: Foul Ball, location: 2F 2-2: Ball 3-2: Fly out, F9 (Flyball, 89S, EV 85.6 MPH)
|
| Top of the 8th over - 1 run, 1 hit, 0 errors, 2 left on base; Pulaski 4 - Detroit (APP) 0 |
| BOTTOM OF THE 8TH |
|
Detroit (APP) Tigers batting - Pitching for Pulaski Yankees : RHP Jake Visconti
|
|
Pitching: LHP Steve Martin
|
|
|
Batting: RHB Jon Goldstein
|
0-0: Called Strike 0-1: SINGLE (Line Drive, 9S, EV 101.2 MPH)
|
|
Batting: RHB Jose Evangelista
|
0-0: Foul Ball, location: 2F 0-1: Foul Ball, location: 2F 0-2: Ball 1-2: Ball 2-2: Foul Ball, location: 2F 2-2: Foul Ball, location: 2F 2-2: Foul Ball, location: 2F 2-2: Ball 3-2: Strikes out swinging Jon Goldstein is caught stealing 2nd base 2-4 Batter strikes out.
|
|
Batting: RHB Keith Hoffman
|
0-0: Foul Ball, location: 2F 0-1: Ball 1-1: SINGLE (Groundball, 34D, EV 105.0 MPH)
|
|
Batting: LHB Bill Ford
|
0-0: Called Strike 0-1: Fielders Choice at 2nd, 6-4 (Groundball, 6, EV 85.6 MPH)
|
| Bottom of the 8th over - 0 runs, 2 hits, 0 errors, 1 left on base; Pulaski 4 - Detroit (APP) 0 |
| TOP OF THE 9TH |
|
Pulaski Yankees batting - Pitching for Detroit (APP) Tigers : LHP Josh Sinclair
|
|
Pitching: RHP Kyle Moore
|
|
|
Batting: SHB Joe Fure
|
0-0: Ball 1-0: Ball 2-0: Ball 3-0: Called Strike 3-1: Base on Balls
|
|
Batting: LHB Joel Vera
|
0-0: Bunted foul 0-1: Sac Bunt to 2R - play at first, batter OUT! 2-4 Joe Fure to second
|
|
Batting: LHB Dan Morris
|
0-0: Ball 1-0: Ball 2-0: 2-RUN HOME RUN (Flyball, 7D, EV 98.1 MPH), Distance : 380 ft
|
|
Batting: RHB Bobby Melillo
|
0-0: Foul Ball, location: 2F 0-1: Ball 1-1: Ball 2-1: Called Strike 2-2: DOUBLE (Groundball, 5L, EV 101.9 MPH)
|
|
Batting: RHB Mike Gifford
|
0-0: Called Strike 0-1: Ball 1-1: Called Strike 1-2: Strikes out swinging
|
|
Batting: RHB Colby Macon
|
0-0: Swinging Strike 0-1: Swinging Strike 0-2: Ball 1-2: SINGLE (Groundball, 13S, EV 71.2 MPH) (infield hit) Bobby Melillo to third
|
|
Pinch Runner at 1st Victor Ruiz:
|
|
|
Batting: RHB Johannes Gutermuth
|
0-0: Ball 1-0: Fielders Choice at 2nd, 5-4 (Groundball, 56, EV 109.4 MPH)
|
| Top of the 9th over - 2 runs, 3 hits, 0 errors, 2 left on base; Pulaski 6 - Detroit (APP) 0 |
| BOTTOM OF THE 9TH |
|
Detroit (APP) Tigers batting - Pitching for Pulaski Yankees : LHP Steve Martin
|
|
Batting: RHB Mike Sebastian
|
0-0: Swinging Strike 0-1: Ground out 4-3 (Groundball, 4S, EV 83.1 MPH)
|
|
Batting: SHB Sean Foley
|
0-0: Ball 1-0: Swinging Strike 1-1: Ball 2-1: Foul Ball, location: 2F 2-2: Strikes out swinging
|
|
Batting: RHB Willie Ochoa
|
0-0: Swinging Strike 0-1: Ball 1-1: Foul Ball, location: 2F 1-2: Strikes out looking
|
| Bottom of the 9th over - 0 runs, 0 hits, 0 errors, 0 left on base; Pulaski 6 - Detroit (APP) 0 |
|